 Dungeon Crawl Stone Soup version 0.18.1-50-g88ac8fd (webtiles) character file.

9 kraedy the Grasshopper (level 2, -4/17 HPs)
             Began as a Kobold Warper on Oct 13, 2016.
             Slain by a hobgoblin
             ... wielding a +0 club
              (6 damage)
             ... on level 1 of the Dungeon.
             The game lasted 00:02:24 (533 turns).

kraedy the Grasshopper (Kobold Warper)               Turns: 533, Time: 00:02:24

Health: -4/17      AC:  3    Str:  9    XL:     2   Next: 20%
Magic:  5/5        EV: 14    Int: 11    God:
Gold:   19         SH:  0    Dex: 15    Spells: 1 memorised, 4 levels left

rFire  . . .     SeeInvis .     a - +0 short sword
rCold  . . .     Gourm    .     b - +0 leather armour
rNeg   . . .     Faith    .     (shield restricted)
rPois  .         Spirit   .     (no helmet)
rElec  .         Dismiss  .     (no cloak)
rCorr  .         Reflect  .     (no gloves)
SustAt .         Harm     .     (no boots)
MR     .....                    (no amulet)
Stlth  +.........               (no ring)
                                (no ring)

@: not resistant to hostile enchantments, very unstealthy
A: carnivore 3
a: no special abilities


You were on level 1 of the Dungeon.
You were full.

You visited 1 branch of the dungeon, and saw 1 of its levels.

You collected 19 gold pieces.

Inventory:

Hand Weapons
 a - a +0 short sword (weapon)
Armour
 b - a +0 leather armour (worn)
Scrolls
 d - a scroll of blinking
 h - a scroll of noise {unknown}
 i - a scroll of identify {unknown}
 j - a scroll of immolation {unknown}
Potions
 e - 2 potions of heal wounds {unknown}
Books
 c - a book of Spatial Translocations

   Spells                             Type                      Level
   a - Apportation                    Translocation                1
   b - Blink                          Translocation                2
   c - Shroud of Golubria             Charms/Translocation         2
   d - Portal Projectile              Translocation                3
   e - Teleport Other                 Translocation                3
   f - Passage of Golubria            Translocation                4
Comestibles
 f - a meat ration
 g - a beef jerky


   Skills:
 + Level 2.2 Fighting
 * Level 3.1 Short Blades
 - Level 1.1 Throwing
 - Level 0.7 Armour
 + Level 2.6 Dodging
 - Level 2.0 Spellcasting
 * Level 3.2 Translocations


You had 4 spell levels left.
You knew the following spells:

 Your Spells              Type           Power        Failure   Level  Hunger
a - Apportation           Tloc           #.........   12%         1    ##.....


Dungeon Overview and Level Annotations

Branches:
Dungeon (1/15)

Altars:


Innate Abilities, Weirdness & Mutations

You are small and have problems with some larger weapons.
You are carnivorous and can eat meat at any time.


Message History

The hobgoblin is moderately wounded.
The hobgoblin misses you.
You hit the hobgoblin but do no damage.
The hobgoblin is moderately wounded.
You hit the hobgoblin but do no damage.
The hobgoblin is moderately wounded.
The hobgoblin hits you but does no damage.
You barely miss the hobgoblin.
The hobgoblin is moderately wounded.
The hobgoblin completely misses you.
You hit the hobgoblin but do no damage.
The hobgoblin is moderately wounded.
The hobgoblin misses you.
You barely miss the hobgoblin.
The hobgoblin is moderately wounded.
The hobgoblin barely misses you.
You barely miss the hobgoblin.
The hobgoblin is moderately wounded.
The hobgoblin hits you with a club.
You die...

##.#....P.♣ ♣P.#
.....##...♣♣♣P##
..........PP...#####.
#..#................ .##
#....##..##.##...### ....#
##.....#..##÷##.###
.##..##...##.#...#.##.#
.(##.....[...#.#g#....##
...............#@#.....#
#.............#+#...#.#####
##.........#.# #...#..†..#
#..........##+##...####.#
####...#####...#####
#....PPP #...÷.')'.<.+
.g.#.P♣♣ #...#.#####...#
....P .♣ #...>... ##+##
.....P♣ ♣ ....##.....
#..#..P♣


You could see a hobgoblin.

Vanquished Creatures
  A bat (D:1)
  A giant cockroach (D:1)
  2 goblins (D:1)
  A hobgoblin (D:1)
  3 rats (D:1)
8 creatures vanquished.

Notes
Turn   | Place    | Note
--------------------------------------------------------------
     0 | D:1      | kraedy the Kobold Warper began the quest for the Orb.
     0 | D:1      | Reached XP level 1. HP: 12/12 MP: 3/3
   443 | D:1      | Reached XP level 2. HP: 17/17 MP: 5/5
   533 | D:1      | Slain by a hobgoblin

Skill      XL: |  1 |
---------------+----+-----
Short Blades   | 3 |  3.1
Fighting       | |  2.2
Throwing       | |  1.1
Armour         | |  0.7
Dodging        | |  2.6
Spellcasting   | |  2.0
Translocations | |  3.2

Action                   || total
-------------------------++-------
Melee: Short sword       ||    55
Throw: Tomahawk          ||     5
  Eat: Chunk             ||     3
Armor: Leather armour    ||     8
Dodge: Dodged            ||    41
